 Dungeon Crawl Stone Soup version 0.28.0-62-gf88900778d (webtiles) character file.

Game seed: 10213604109674357403

313704 TittyCrusher the Devastator (level 21, -18/131 HPs)
             Began as an Octopode Earth Elementalist on Apr 12, 2023.
             Was the Champion of Vehumet.
             Killed from afar by a war gargoyle (70 damage)
             ... with a spray of metal splinters
             ... led by a peacekeeper
             ... on level 1 of the Vaults.
             The game lasted 03:39:16 (56438 turns).

TittyCrusher the Devastator (OpEE)                 Turns: 56438, Time: 03:39:16

Health: -18/131    AC:  3    Str:  8    XL:     21   Next: 33%
Magic:  6/57       EV: 23    Int: 57    God:    Vehumet [******]
Gold:   2586       SH: 14    Dex: 13    Spells: 4/49 levels left

rFire   + . .      SeeInvis .   a - staff of fire
rCold   . . .      Faith    .   B - +3 buckler
rNeg    . . .      Spirit   .   S - +2 hat
rPois   .          Reflect  +   E - amulet of reflection
rElec   .          Harm     .   p - +6 ring of intelligence
rCorr   .          Rampage  .   d - +6 ring of intelligence
Will    +++..                   y - +6 ring of intelligence
Stlth   +++.......              g - +6 ring of intelligence
HPRegen 0.31/turn               T - ring of willpower
MPRegen 0.35/turn               X - +6 ring of intelligence
                                s - ring "Micrahar" {MP+9 EV+4}
                                l - ring "Rufyeg" {Will+ MP+9}

@: no status effects
A: almost no armour, amphibious, 8 rings, camouflage 1, gelatinous body 1,
(nimble swimmer 1), tentacles
}: 2/15 runes: decaying, gossamer
a: Renounce Religion


You were on level 1 of the Vaults.
You worshipped Vehumet.
Vehumet was exalted by your worship.
You visited 8 branches of the dungeon, and saw 36 of its levels.
You also visited: Ice Cave.

You collected 5028 gold pieces.
You spent 2442 gold pieces at shops.

Inventory:

Hand Weapons
 b - the +7 mace "Qoubyruy" {vorpal, rElec rC+ rCorr Stlth-}
   (You found it on level 3 of the Dungeon)

   It inflicts extra damage upon your enemies.
   rC:        It protects you from cold.
   rElec:     It insulates you from electricity.
   rCorr:     It protects you from acid and corrosion.
   Stlth:     It makes you less stealthy.
Missiles
 R - 855 stones (quivered)
Armour
 B - a +3 buckler (worn)
 S - a +2 hat (worn)
Magical Staves
 a - a staff of fire (weapon)
 j - a staff of conjuration
 V - a staff of earth
Jewellery
 c - the ring "Ocoomun" {rPois rF+ rC+ Int-2 Stlth+}
   (You acquired it on level 3 of the Dungeon)

   [ring of protection from cold]

   Int:       It affects your intelligence (-2).
   rF:        It protects you from fire.
   rC:        It protects you from cold.
   rPois:     It protects you from poison.
   Stlth:     It makes you more stealthy.
 d - a +6 ring of intelligence (right tentacle)
 g - a +6 ring of intelligence (on tentacle)
 l - the ring "Rufyeg" (on tentacle) {Will+ MP+9}
   (You found it on level 3 of the Spider Nest)

   [ring of magical power]

   MP:        It affects your magic capacity (+9).
   Will:      It increases your willpower.
 p - a +6 ring of intelligence (left tentacle)
 r - a ring of protection from cold
 s - the ring "Micrahar" (on tentacle) {MP+9 EV+4}
   (You bought it in a shop on level 2 of the Orcish Mines)

   [ring of evasion]

   EV:        It affects your evasion (+4).
   MP:        It affects your magic capacity (+9).
 u - a ring of flight
 y - a +6 ring of intelligence (on tentacle)
 E - an amulet of reflection (around mantle)
 F - a ring of wizardry
 M - the amulet "Poxkui" {rN+ Regen+ Int+3 Dex-3 Slay+3}
   (You took it off a deep elf demonologist on level 3 of the Elven Halls)

   [amulet of regeneration]

   Int:       It affects your intelligence (+3).
   Dex:       It affects your dexterity (-3).
   Slay:      It affects your accuracy & damage with ranged weapons and melee
   (+3).
   rN:        It protects you from negative energy.
   Regen:     It increases your rate of health regeneration.
 T - a ring of willpower (on tentacle)
 X - a +6 ring of intelligence (on tentacle)
Wands
 k - a wand of acid (1)
 o - a wand of digging (27)
 x - a wand of charming (9)
 D - a wand of iceblast (34)
 L - a wand of flame (76)
 O - a wand of polymorph (5)
 Z - a wand of mindburst (15)
Scrolls
 e - 5 scrolls of fear
 i - 6 scrolls of immolation
 m - 10 scrolls of vulnerability
 n - 2 scrolls of silence
 q - 3 scrolls of magic mapping
 t - 2 scrolls of holy word
 v - a scroll of summoning
 w - 12 scrolls of teleportation
 z - 19 scrolls of identify
 G - 2 scrolls of blinking
 Q - a scroll of fog
Potions
 f - 10 potions of cancellation
 h - 3 potions of haste
 A - 7 potions of mutation
 C - 4 potions of brilliance
 H - 2 potions of lignification
 I - 3 potions of might
 J - 6 potions of invisibility
 N - 20 potions of curing
 P - 5 potions of heal wounds
 U - 3 potions of flight
 W - 2 potions of magic
 Y - 5 potions of ambrosia
Miscellaneous
 K - a condenser vane


   Skills:
 - Level 7.9 Fighting
 + Level 13.8 Dodging
 - Level 2.6 Stealth
 - Level 7.1 Shields
 - Level 14.8 Spellcasting
 - Level 20.1 Conjurations
 - Level 4.4 Translocations
 - Level 3.1 Transmutations
 - Level 19.9 Fire Magic
 - Level 6.4 Ice Magic
 - Level 9.0 Earth Magic


You had 4 spell levels left.
You knew the following spells:

 Your Spells              Type           Power      Damage    Failure   Level
a - Sandblast             Erth           100%       2d20      0%          1
b - Starburst             Conj/Fire      79%        6d20      0%          6
c - Lehudib's Crystal Sp  Conj/Erth      59%        10d14     1%          8
d - Fireball              Conj/Fire      79%        3d29      0%          5
e - Frozen Ramparts       Ice            100%       1d12      1%          3
f - Fire Storm            Conj/Fire      79%        8d20      3%          9
g - Irradiate             Conj/Tmut      54%        3d31      1%          5
h - Blink                 Tloc           100%       N/A       1%          2
i - Statue Form           Tmut/Erth      56%        N/A       5%          6

Your spell library contained the following spells:

 Spells                   Type           Power      Damage    Failure   Level
 Shatter                  Erth           49%        3d37*     91%         9
 Maxwell's Capacitive Co  Air            21%        ∞         99%         8
 Magic Dart               Conj           100%       1d8       0%          1
 Searing Ray              Conj           100%       2d8       0%          2
 Dazzling Flash           Conj/Hex       100%       N/A       0%          3
 Inner Flame              Hex/Fire       100%       N/A       0%          3
 Stone Arrow              Conj/Erth      100%       3d13      0%          3
 Hailstorm                Conj/Ice       100%       3d20      0%          4
 Animate Skeleton         Necr           84%        N/A       1%          1
 Apportation              Tloc           100%       N/A       1%          1
 Freeze                   Ice            100%       1d11      1%          1
 Pain                     Necr           100%       1d9       1%          1
 Slow                     Hex            100%       N/A       1%          1
 Call Imp                 Summ           42%        N/A       1%          2
 Corpse Rot               Necr/Air       84%        N/A       1%          2
 Passwall                 Tmut/Erth      70%        N/A       1%          2
 Poisonous Vapours        Pois/Air       84%        N/A       1%          2
 Call Canine Familiar     Summ           42%        N/A       1%          3
 Confusing Touch          Hex            42%        N/A       1%          3
 Gell's Gravitas          Tloc           75%        N/A       1%          3
 Lesser Beckoning         Tloc           75%        N/A       1%          3
 Portal Projectile        Hex/Tloc       100%       N/A       1%          3
 Teleport Other           Tloc           75%        N/A       1%          3
 Tukima's Dance           Hex            42%        N/A       1%          3
 Vampiric Draining        Necr           42%        2d9       1%          3
 Airstrike                Air            21%        N/A       1%          4
 Fulminant Prism          Conj/Hex       51%        3d23      1%          4
 Ice Form                 Ice/Tmut       77%        N/A       1%          4
 Leda's Liquefaction      Hex/Erth       38%        N/A       1%          4
 Petrify                  Tmut/Erth      84%        N/A       1%          4
 Summon Ice Beast         Ice/Summ       68%        N/A       1%          4
 Anguish                  Hex/Necr       21%        N/A       4%          4
 Cause Fear               Hex            21%        N/A       4%          4
 Dispel Undead            Necr           42%        3d17      4%          4
 Summon Lightning Spire   Summ/Air       42%        N/A       4%          4
 Iskenderun's Battlesphe  Conj           100%       2d15      0%          5
 Borgnjor's Vile Clutch   Necr/Erth      38%        N/A       1%          5
 Lee's Rapid Deconstruct  Erth           49%        3d24*     1%          5
 Lightning Bolt           Conj/Air       51%        1d72      1%          5
 Manifold Assault         Tloc           75%        N/A       1%          5
 Conjure Ball Lightning   Conj/Air       51%        3x3d18    1%          6
 Iron Shot                Conj/Erth      59%        9d11      1%          6
 Orb of Destruction       Conj           67%        9d16      1%          7
 Spellforged Servitor     Conj/Summ      51%        N/A       1%          7
 Blade Hands              Tmut           33%        N/A       3%          5
 Metabolic Englaciation   Hex/Ice        34%        N/A       3%          5
 Summon Forest            Summ/Tloc      30%        N/A       4%          5
 Alistair's Intoxication  Tmut/Pois      37%        N/A       6%          5
 Eringya's Noxious Bog    Tmut/Pois      28%        N/A       9%          6
 Dispersal                Tloc           37%        N/A       11%         6
 Agony                    Necr           42%        N/A       12%         5
 Excruciating Wounds      Necr           21%        N/A       12%         5
 Silence                  Hex/Air        21%        N/A       12%         5
 Summon Mana Viper        Hex/Summ       42%        N/A       12%         5
 Death Channel            Necr           21%        N/A       54%         6
 Chain Lightning          Conj/Air       51%        3d68      82%         9
 Enfeeble                 Hex            21%        N/A       98%         7
 Haunt                    Necr/Summ      21%        N/A       98%         7
 Summon Hydra             Summ           21%        N/A       98%         7
 Discord                  Hex            21%        N/A       100%        8
 Dragon's Call            Summ           21%        N/A       100%        9
 Animate Armour           Summ/Erth      Unusable   N/A       N/A         4

Dungeon Overview and Level Annotations

Branches:
Dungeon (15/15)            Temple (1/1) D:6            Lair (6/6) D:10
  Swamp (4/4) Lair:3       Spider (4/4) Lair:4        Slime (0/5) Lair:6
    Orc (2/2) D:12            Elf (3/3) Orc:2        Vaults (1/5) D:13
 Depths (0/4) D:15          IceCv (visited)

Altars:
Cheibriados
Dithmenos
Fedhas
Gozag
Hepliaklqana
Makhleb
Nemelex Xobeh
Okawaru
Ru
Sif Muna
Uskayaw
Vehumet
Wu Jian
Xom
Yredelemnul
The Shining One
Beogh
Jiyva

Shops:
D:10 =   D:13 ?   Orc:2 (=[*   Elf:2 (

Portals:
Trove: D:15 (give 14 scrolls of teleportation)

Annotations:
D:3 THTSBRD's ghost, amateur GnWn
Orc:2 exclusion: upstairs


Innate Abilities, Weirdness & Mutations

You cannot wear most types of armour.
You are amphibious.
You can wear up to eight rings at the same time.
Your skin changes colour to match your surroundings (Stealth+).
Your rubbery body absorbs attacks. (AC +1, EV +1)
((You are camouflaged when in or above water. (Stealth+)))
You have tentacles for arms and can constrict up to eight enemies at once.


Message History

Aiming: Corrosive Bolt
Press: ? - help, Shift-Dir - straight line, f/p - war gargoyle
Aim: a war gargoyle, wielding a +0 great mace (heavily damaged, catching its breath, 94% to hit)
The bolt of acid hits the war gargoyle.
The war gargoyle is severely damaged.
Unknown command.
Unknown command.
Aiming: Corrosive Bolt
Press: ? - help, Shift-Dir - straight line, f/p - war gargoyle
Aim: a war gargoyle, wielding a +0 great mace (severely damaged, catching its breath, 94% to hit)
The bolt of acid hits the war gargoyle!
The war gargoyle is almost destroyed.
You block the war gargoyle's attack.
Unknown command.
Unknown command.
Casting: Fire Storm (dangerous; 3% risk of failure)
Confirm with . or Enter, or press ? or * to list all spells.
Aiming: Sandblast (safe; 0% risk of failure)
Press: ? - help, Shift-Dir - straight line, f/p - war gargoyle
Aim: a war gargoyle, wielding a +0 great mace (almost destroyed, 96% to hit)
The blast of sand hits the war gargoyle but does no damage.
The war gargoyle is almost destroyed.
R - 856 stones The war gargoyle launches metal splinters at you.
The spray of metal splinters hits you!
A yaktaur comes into view.
The war gargoyle hits you with a +0 great mace.
Unknown command.
Casting: Sandblast (safe; 0% risk of failure)
Confirm with . or Enter, or press ? or * to list all spells.
Aiming: Sandblast (safe; 0% risk of failure)
Press: ? - help, Shift-Dir - straight line, f/p - war gargoyle
Aim: a war gargoyle, wielding a +0 great mace (almost destroyed, 96% to hit)
The blast of sand hits the war gargoyle.
The war gargoyle is almost destroyed.
R - 855 stones The war gargoyle launches metal splinters at you.
The spray of metal splinters hits you!!!
Ouch! That really hurt!
You die...

.......##########......##.....#
.......# #......##..[..#
.......# #......##.....#
.......# #......# .......#
######## .......# .......#
#+####'#################
[.)v......c....9@.......
........................
.†....).................
......).................
).......................
##############+#########


You could see a war gargoyle (catching breath) and a yaktaur.

Vanquished Creatures
  Mara (Spider:3)
  Saint Roka (Orc:2)
  Nikola (Elf:1)
  3 deep elf blademasters
  4 deep elf master archers (Elf:3)
  Frances (Spider:1)
  Kirke (Swamp:3)
  Agnes (Orc:2)
  Donald (Vaults:1)
  2 fenstrider witches
  Roxanne (Elf:1)
  6 emperor scorpions
  10 deep elf sorcerers
  An azure jelly (Swamp:4)
  An orc warlord (Orc:2)
  4 ghost moths
  4 vault wardens (Vaults:1)
  3 broodmothers (Spider:4)
  4 deep elf elementalists (Elf:3)
  3 ghouls (Swamp:3)
  Louise (D:14)
  3 ironbound preservers (Vaults:1)
  7 deep elf demonologists
  The ghost of Qeimiotua the Blocker, a journeyman MiFi of Okawaru (Lair:5)
  4 entropy weavers
  Azrael (Orc:2)
  10 deep elf annihilators (Elf:3)
  2 spark wasps
  Snorg (D:14)
  4 bunyips
  3 dire elephants (Vaults:1)
  2 crystal guardians (Vaults:1)
  4 deep elf death magi
  A shambling mangrove (Swamp:3)
  6 deep elf high priests (Elf:3)
  A fire dragon (D:14)
  3 yaktaur captains (Vaults:1)
  The ghost of sargonster the Cleaver, a journeyman HOBe of Trog (Orc:1)
  2 peacekeepers (Vaults:1)
  7 vault guards
  The ghost of Tang the Thaumaturge, a journeyman PaWz of Kikubaaqudgha (D:10)
  8 boulder beetles
  15 hydras
  2 ice dragons (Swamp:4)
  3 catoblepae
  4 spriggan air magi
  9 centaur warriors
  2 ogre magi
  Erica (Orc:1)
  3 jorogumos
  2 ghost crabs
  12 alligators
  A death yak (Lair:5)
  5 two-headed ogres
  2 ironbound frosthearts (Vaults:1)
  19 dancing weapons
  A death yak (shapeshifter) (Vaults:1)
  2 radroaches
  5 tengu warriors
  5 orc high priests
  2 spriggan berserkers (Swamp:1)
  Sonja (Lair:1)
  15 deep elf knights
  Nergalle (D:12)
  8 skeletal warriors
  4 pharaoh ants
  4 steelbarb worms
  3 sun moths
  2 glowing orange brains (shapeshifter)
  A steelbarb worm (shapeshifter) (Elf:3)
  6 spriggan druids
  14 orb spiders
  A glowing orange brain (Vaults:1)
  7 deep trolls (Vaults:1)
  3 harpies (Vaults:1)
  4 swamp dragons
  A goliath frog (Swamp:2)
  8 bog bodies
  8 lindwurms
  3 necromancers
  3 wizards
  7 deep elf archers
  4 orc knights
  3 ironbound convokers (Vaults:1)
  20 deep elf zephyrmancers
  2 oklob plants (Lair:3)
  5 orc sorcerers
  17 wolf spiders
  29 deep elf pyromancers
  2 will-o-the-wisps
  7 ugly things
  7 manticores
  4 moths of wrath
  An elephant (Lair:5)
  A salamander (shapeshifter) (D:13)
  9 cyclopes
  2 ice statues (IceCv)
  2 torpor snails
  A naga mage (D:15)
  Maurice (D:11)
  4 gargoyles
  4 black mambas
  13 cane toads
  2 vault sentinels (Vaults:1)
  Maggie (D:8)
  5 rime drakes
  12 demonic crawlers
  5 kobold demonologists
  A komodo dragon (shapeshifter) (D:13)
  5 yaktaurs
  17 komodo dragons
  A rime drake (shapeshifter) (Elf:2)
  3 efreet
  5 freezing wraiths
  A harpy zombie (D:15)
  5 tengu conjurers
  11 polar bears
  10 trolls
  7 meliai
  4 bloated husks
  A hornet (shapeshifter) (D:15)
  25 hornets
  A tarantella (shapeshifter) (D:15)
  15 blink frogs
  21 tarantellas
  18 slime creatures
  11 dream sheep
  6 tyrant leeches
  17 culicivoras
  33 jumping spiders
  4 shadows
  31 spriggans
  4 wyverns
  57 yaks
  An air elemental (Elf:1)
  A vampire (D:9)
  5 wraiths
  A hog (Swamp:3)
  A human (Swamp:3)
  6 fire elementals
  2 water elementals
  4 swamp worm simulacra (Swamp:4)
  4 basilisks
  72 redbacks
  9 vampire mosquitoes
  12 swamp worms
  2 wargs
  3 acid dragons
  2 hell hounds (Orc:1)
  Duvessa (D:7)
  16 hydra simulacra (Swamp:4)
  11 water moccasins
  An ice beast (D:6)
  A swamp drake (Swamp:3)
  3 sky beasts
  3 black bears
  A necrophage (Swamp:3)
  32 orc warriors
  8 ogres
  7 boggarts
  33 wolves
  15 centaurs
  3 phantoms
  5 kobold brigands
  An earth elemental (Orc:2)
  2 gnoll sergeants
  16 bullfrogs
  5 scorpions
  A troll zombie (Swamp:1)
  Dowan (D:7)
  A water moccasin skeleton (D:5)
  A killer bee (D:9)
  2 lindwurm simulacra (IceCv)
  A troll skeleton (Swamp:1)
  6 electric eels
  5 wights (D:4)
  4 vampire bats (Lair:6)
  6 centaur zombies
  8 hounds
  4 komodo dragon simulacra (IceCv)
  21 orc priests
  3 centaur skeletons
  Crazy Yiuf (D:3)
  2 jellies
  5 iguanas
  35 orc wizards
  6 hell rats (Lair:5)
  A hound zombie (D:5)
  2 howler monkey zombies
  7 acid dragon simulacra (IceCv)
  14 gnolls
  A howler monkey skeleton (D:7)
  4 adders
  A river rat (D:3)
  15 white imps
  4 steam dragon simulacra (IceCv)
  4 swamp drake simulacra (Swamp:4)
  3 worms
  2 dart slugs
  79 orcs
  10 ball pythons
  8 bats
  3 endoplasms
  A giant cockroach (D:3)
  11 goblins
  6 hobgoblins
  16 kobolds
  5 quokkas
  2 frilled lizards
  4 rats
1407 creatures vanquished.

Vanquished Creatures (collateral kills)
  A deep elf elementalist (Elf:3)
  An ironbound preserver (Vaults:1)
  An entropy weaver (Spider:4)
  A deep elf annihilator (Elf:3)
  A hydra (Lair:5)
  A sun moth (Spider:4)
  A deep elf pyromancer (Elf:3)
  A harpy (Vaults:1)
  An ugly thing (Vaults:1)
  2 demonic crawlers (Spider:3)
  A tarantella (Spider:4)
  A jumping spider (Spider:4)
  A culicivora (Spider:4)
  4 orc warriors (Orc:2)
  An ogre (Elf:3)
  2 orc priests (Orc:2)
  An acid dragon simulacrum (IceCv)
  A steam dragon simulacrum (IceCv)
  3 orcs
26 creatures vanquished.

Vanquished Creatures (others)
  A bog body (Swamp:2)
  A bloated husk (Swamp:4)
  2 humans (Swamp:3)
  A hydra simulacrum (Swamp:4)
  A boggart (Elf:1)
  4 bushes (Lair:6)
  182 fire vortices
  2 foxfires (Swamp:3)
  50 fungi
  82 plants
326 creatures vanquished.

Grand Total: 1759 creatures vanquished

Notes
Turn   | Place    | Note
-------+----------+-------------------------------------------
     0 | D:1      | TittyCrusher the Octopode Earth Elementalist began the
                  | quest for the Orb.
     0 | D:1      | Reached XP level 1. HP: 11/11 MP: 3/3
   170 | D:1      | Reached XP level 2. HP: 15/17 MP: 2/5
   212 | D:1      | Found a faded altar of an unknown god.
   837 | D:2      | Learned a level 2 spell: Corpse Rot
   900 | D:2      | Reached XP level 3. HP: 15/21 MP: 3/7
  1105 | D:2      | Learned a level 3 spell: Stone Arrow
  1545 | D:2      | Reached skill level 1 in Conjurations
  2253 | D:3      | Found a runed translucent door.
  2324 | D:3      | Reached skill level 2 in Conjurations
  2324 | D:3      | Reached XP level 4. HP: 22/27 MP: 1/8
  2413 | D:3      | Found an opulent altar of Gozag.
  2507 | D:3      | Noticed a centaur
  2564 | D:3      | Identified a scroll of acquirement
  2565 | D:3      | Acquired the ring "Ocoomun" {rPois rF+ rC+ Int-2 Stlth+}
  2761 | D:4      | Found a blossoming altar of Fedhas.
  2793 | D:4      | Reached skill level 3 in Conjurations
  2839 | D:4      | Reached XP level 5. HP: 31/31 MP: 4/9
  3006 | D:4      | Reached XP level 6. HP: 36/36 MP: 3/10
  3084 | D:4      | Reached skill level 5 in Earth Magic
  3366 | D:4      | Found an iron altar of Okawaru.
  3875 | D:4      | Found a burning altar of Makhleb.
  3990 | D:4      | Learned a level 4 spell: Petrify
  4194 | D:3      | Reached skill level 4 in Conjurations
  4194 | D:3      | Found a runed translucent door.
  4196 | D:3      | Noticed THTSBRD's ghost (amateur GnWn)
  4257 | D:3      | Found a runed translucent door.
  4258 | D:3      | Noticed Crazy Yiuf
  4264 | D:3      | Killed Crazy Yiuf
  4265 | D:3      | Reached XP level 7. HP: 41/41 MP: 5/11
  4269 | D:3      | Identified the +7 mace "Qoubyruy" {vorpal, rElec rC+ rCorr
                  | Stlth-}
  4452 | D:3      | Reached skill level 5 in Conjurations
  4693 | D:5      | Entered Level 5 of the Dungeon
  4987 | D:5      | Reached skill level 5 in Spellcasting
  4987 | D:5      | Reached XP level 8. HP: 27/46 MP: 2/15
  5034 | D:5      | You fall into a shaft and drop 2 floors!
  5143 | D:7      | Noticed a shadow
  5147 | D:7      | Killed a shadow
  5552 | D:6      | Reached XP level 9. HP: 48/51 MP: 9/21
  5743 | D:6      | Found a staircase to the Ecumenical Temple.
  5749 | Temple   | Entered the Ecumenical Temple
  5758 | Temple   | Became a worshipper of Vehumet
  5779 | D:6      | Identified the +1 robe "Zaize" {+Inv Str+7 Int-4 SInv}
  8595 | D:7      | Found a sacrificial altar of Ru.
  8615 | D:7      | Found a basalt altar of Yredelemnul.
  8615 | D:7      | Noticed Duvessa
  8615 | D:7      | Noticed Dowan
  8626 | D:7      | Killed Dowan
  8644 | D:7      | Killed Duvessa
  8645 | D:7      | Reached skill level 5 in Dodging
  8846 | D:7      | Reached * piety under Vehumet
  8846 | D:7      | Offered knowledge of Freeze by Vehumet.
  8890 | D:7      | Reached XP level 10. HP: 56/56 MP: 16/23
  9173 | D:8      | Noticed a two-headed ogre
  9175 | D:8      | Noticed Maggie
  9185 | D:8      | Killed a two-headed ogre
  9331 | D:8      | Killed Maggie
  9418 | D:8      | Noticed a kobold demonologist
  9419 | D:8      | Noticed a kobold demonologist
  9419 | D:8      | Noticed a kobold demonologist
  9500 | D:8      | Killed a kobold demonologist
  9501 | D:8      | Reached skill level 6 in Conjurations
  9708 | D:8      | Noticed a rust devil
  9708 | D:8      | Killed a kobold demonologist
  9888 | D:8      | Killed a kobold demonologist
 10029 | D:8      | Found a shadowy altar of Dithmenos.
 10055 | D:8      | Found a hide-covered altar of Uskayaw.
 10892 | D:9      | Reached skill level 1 in Fighting
 11251 | D:9      | Reached XP level 11. HP: 69/69 MP: 12/24
 11826 | D:9      | Reached skill level 5 in Fighting
 12537 | D:10     | Entered Level 10 of the Dungeon
 12543 | D:10     | Found Ipecwuk's Jewellery Shop.
 12551 | D:10     | Bought an amulet of reflection for 450 gold pieces
 12580 | D:10     | Found a hazy altar of Hepliaklqana.
 12667 | D:10     | Reached skill level 1 in Shields
 12745 | D:10     | Reached ** piety under Vehumet
 12745 | D:10     | Offered knowledge of Magic Dart by Vehumet.
 13503 | D:10     | Found a staircase to the Lair.
 13779 | D:10     | Found a runed translucent door.
 13779 | D:10     | Found a shimmering altar of Xom.
 13779 | D:10     | Noticed Tang's ghost (journeyman PaWz)
 13781 | D:10     | Noticed a +0 flail of chaos
 13873 | Lair:1   | Entered Level 1 of the Lair of Beasts
 13915 | Lair:1   | Noticed an eight-headed hydra
 13921 | Lair:1   | Killed an eight-headed hydra
 13922 | Lair:1   | Reached skill level 5 in Shields
 14198 | Lair:1   | Noticed Sonja
 14404 | Lair:1   | Killed Sonja
 14404 | Lair:1   | Offered knowledge of Scorch by Vehumet.
 14800 | Lair:1   | Reached *** piety under Vehumet
 14808 | Lair:1   | Reached XP level 12. HP: 76/80 MP: 5/25
 15445 | Lair:1   | Reached skill level 10 in Dodging
 16036 | Lair:2   | Found a frozen archway.
 16058 | Lair:2   | Offered knowledge of Frozen Ramparts by Vehumet.
 16065 | Lair:2   | Learned a level 3 spell: Frozen Ramparts
 16271 | IceCv    | Entered an ice cave
 16371 | IceCv    | Reached skill level 1 in Ice Magic
 16554 | IceCv    | Identified the +7 falchion of Impatience {vorpal, rF+ Str-4
                  | Int+5}
 17052 | IceCv    | Reached **** piety under Vehumet
 17218 | IceCv    | Noticed a white draconian
 17402 | Lair:2   | Offered knowledge of Yara's Violent Unravelling by Vehumet.
 17546 | Lair:2   | Noticed a catoblepas
 17554 | Lair:2   | Reached skill level 5 in Ice Magic
 17560 | Lair:2   | Killed a catoblepas
 17800 | Lair:2   | Reached skill level 10 in Spellcasting
 18558 | Lair:3   | Noticed a boulder beetle
 18569 | Lair:3   | Learned a level 2 spell: Poisonous Vapours
 18581 | Lair:3   | Killed a boulder beetle
 18582 | Lair:3   | Reached XP level 13. HP: 37/84 MP: 9/27
 19084 | Lair:3   | Reached skill level 7 in Conjurations
 19209 | Lair:3   | Found a staircase to the Swamp.
 19248 | Lair:3   | Found a blossoming altar of Fedhas.
 19466 | Lair:3   | Reached skill level 8 in Conjurations
 19644 | Lair:3   | Reached ***** piety under Vehumet
 19644 | Lair:3   | Offered knowledge of Irradiate by Vehumet.
 19654 | Lair:3   | Learned a level 5 spell: Irradiate
 20288 | Lair:4   | Reached skill level 9 in Conjurations
 20785 | Lair:4   | Reached skill level 10 in Conjurations
 20806 | Lair:4   | Found a hole to the Spider Nest.
 21317 | Lair:4   | Learned a level 2 spell: Blink
 21408 | Lair:4   | Reached skill level 1 in Translocations
 21483 | Lair:4   | Identified the +7 broad axe of Ravage {vorpal, Str+2}
 22077 | Lair:5   | Found a transporter.
 22096 | Lair:5   | Found a transporter.
 22125 | Lair:5   | Noticed Qeimiotua's ghost (journeyman MiFi)
 22340 | Lair:5   | Found a blossoming altar of Fedhas.
 22352 | Lair:5   | Reached skill level 11 in Conjurations
 22358 | Lair:5   | Reached XP level 14. HP: 92/92 MP: 3/28
 22641 | Lair:5   | Identified the +8 dagger of Terra Nullius {drain, rPois rF+
                  | rC-}
 22978 | Lair:5   | Found a hide-covered altar of Uskayaw.
 22979 | Lair:5   | Found an ornate altar of the Wu Jian Council.
 23254 | Lair:6   | Entered Level 6 of the Lair of Beasts
 23282 | Lair:6   | Reached skill level 12 in Conjurations
 23838 | Lair:6   | Reached skill level 13 in Conjurations
 24137 | Lair:6   | Offered knowledge of Iron Shot by Vehumet.
 24145 | Lair:6   | Learned a level 6 spell: Iron Shot
 24268 | Lair:6   | Found a viscous altar of Jiyva.
 24277 | Lair:6   | Found a staircase to the Slime Pits.
 25354 | Lair:6   | Paralysed by a hornet for 1 turns
 25390 | Lair:6   | Reached skill level 14 in Conjurations
 26015 | D:10     | Bought a +6 ring of intelligence for 877 gold pieces
 26674 | D:11     | Noticed Maurice
 26895 | D:11     | Reached skill level 15 in Conjurations
 26985 | D:11     | Killed Maurice
 26986 | D:11     | Reached XP level 15. HP: 58/97 MP: 2/29
 28278 | D:12     | Noticed Nergalle
 28288 | D:12     | Killed Nergalle
 28450 | D:12     | Found a staircase to the Orcish Mines.
 28467 | D:12     | Reached skill level 16 in Conjurations
 28698 | D:12     | Offered knowledge of Spellforged Servitor by Vehumet.
 29888 | D:12     | Learned a level 7 spell: Spellforged Servitor
 29931 | Orc:1    | Entered Level 1 of the Orcish Mines
 29980 | Orc:1    | Found a runed translucent door.
 29988 | Orc:1    | Noticed sargonster's ghost (journeyman HOBe)
 30499 | Orc:1    | Killed sargonster's ghost
 30638 | Orc:2    | Entered Level 2 of the Orcish Mines
 30678 | Orc:2    | Noticed Azrael
 31329 | Orc:2    | Killed Azrael
 31423 | Orc:2    | Found a radiant altar of Vehumet.
 31423 | Orc:2    | Found a staircase to the Elven Halls.
 31468 | Orc:1    | Noticed Erica
 31511 | Orc:2    | Noticed Saint Roka
 31524 | Orc:2    | Killed Saint Roka
 31852 | Orc:2    | Offered knowledge of Fireball by Vehumet.
 31911 | Orc:2    | Learned a level 5 spell: Fireball
 32090 | Orc:2    | Reached skill level 1 in Fire Magic
 32156 | Orc:2    | Noticed an orc warlord
 32202 | Orc:2    | Killed an orc warlord
 33252 | Orc:2    | Found Luojotowima's Antique Armour Boutique.
 33269 | Orc:2    | Found Axukaost's Antique Weapon Shop.
 33270 | Orc:2    | Found Irhuotra's General Store.
 33270 | Orc:2    | Found Xuhir's Jewellery Boutique.
 33295 | Orc:2    | Bought the ring "Micrahar" {MP+9 EV+4} for 680 gold pieces
 33450 | Orc:1    | Reached skill level 5 in Fire Magic
 33450 | Orc:1    | Killed Erica
 34004 | D:13     | Found a gate to the Vaults.
 34013 | D:13     | Offered knowledge of Conjure Ball Lightning by Vehumet.
 34014 | D:13     | Reached XP level 16. HP: 61/103 MP: 31/31
 34781 | D:13     | Found Xeniet's Magic Scroll Boutique.
 34784 | D:13     | Bought a scroll of teleportation for 39 gold pieces
 35348 | Orc:2    | Bought a +4 ring of protection for 396 gold pieces
 35583 | D:14     | Noticed Snorg
 35589 | D:14     | Killed Snorg
 35745 | D:14     | Reached skill level 10 in Fire Magic
 35946 | D:14     | Noticed Louise
 36234 | D:15     | Entered Level 15 of the Dungeon
 36523 | D:15     | Offered knowledge of Starburst by Vehumet.
 36540 | D:15     | Learned a level 6 spell: Starburst
 36650 | D:15     | Found a portal to a secret trove of treasure.
 37075 | D:15     | Found a staircase to the Depths.
 37459 | Swamp:1  | Entered Level 1 of the Swamp
 38328 | Swamp:1  | Reached XP level 17. HP: 84/108 MP: 32/32
 39458 | Swamp:2  | Offered knowledge of Lehudib's Crystal Spear by Vehumet.
 39498 | Swamp:2  | Learned a level 8 spell: Lehudib's Crystal Spear
 40435 | Swamp:3  | Noticed Kirke
 40441 | Swamp:3  | Killed Kirke
 41194 | Swamp:4  | Entered Level 4 of the Swamp
 41561 | Swamp:4  | Reached ****** piety under Vehumet
 42115 | Swamp:4  | Got a decaying rune of Zot
 42280 | Spider:1 | Entered Level 1 of the Spider Nest
 42518 | Lair:4   | Reached XP level 18. HP: 114/114 MP: 23/35
 42783 | Spider:1 | Noticed Frances
 43026 | Spider:1 | Killed Frances
 43859 | Spider:2 | Offered knowledge of Fire Storm by Vehumet.
 43859 | Spider:2 | Offered knowledge of Shatter by Vehumet.
 43859 | Spider:2 | Offered knowledge of Maxwell's Capacitive Coupling by
                  | Vehumet.
 43912 | Spider:2 | Learned a level 9 spell: Fire Storm
 44055 | Spider:2 | Reached skill level 15 in Fire Magic
 45147 | Spider:3 | Noticed Mara
 45153 | Spider:3 | Killed Mara
 46521 | Spider:3 | Identified the ring "Rufyeg" {Will+ MP+9}
 46960 | Spider:4 | Entered Level 4 of the Spider Nest
 46969 | Spider:4 | Reached skill level 17 in Conjurations
 47191 | Spider:4 | Reached XP level 19. HP: 118/118 MP: 37/37
 48414 | Spider:4 | Got a gossamer rune of Zot
 48913 | Elf:1    | Entered Level 1 of the Elven Halls
 48913 | Elf:1    | Noticed Agnes
 48919 | Orc:2    | Killed Agnes
 49426 | Elf:1    | Reached skill level 18 in Conjurations
 49461 | Elf:1    | Noticed Nikola
 49465 | Elf:1    | Killed Nikola
 49922 | Elf:1    | Noticed Roxanne
 50594 | Elf:1    | Got the Tome of Summoning
 50775 | Elf:1    | Killed Roxanne
 50936 | Elf:1    | Learned a level 6 spell: Statue Form
 51264 | Elf:2    | Found Zel Rimi's Weapon Shoppe.
 51377 | Elf:2    | Found a runed translucent gate.
 51377 | Elf:2    | Found a runed translucent gate.
 51377 | Elf:2    | Found a runed translucent gate.
 52085 | Elf:2    | Reached XP level 20. HP: 125/125 MP: 15/38
 52092 | Elf:2    | Reached skill level 19 in Conjurations
 52587 | Elf:3    | Entered Level 3 of the Elven Halls
 53061 | Elf:3    | Identified the amulet "Poxkui" {rN+ Regen+ Int+3 Dex-3
                  | Slay+3} (You took it off a deep elf demonologist on level 3
                  | of the Elven Halls)
 53224 | Elf:3    | Identified the +4 spear of the Nexus {vorpal, rPois rF+
                  | rC+++ Stlth+} (You took it off a deep elf demonologist on
                  | level 3 of the Elven Halls)
 53232 | Elf:3    | Identified the +3 trident of Bulaut {freeze, rPois Stlth+}
 53234 | Elf:3    | Reached skill level 20 in Conjurations
 53478 | Elf:3    | Identified the +0 scale mail "Yjoar" {rC- Dex+7 SInv}
 53488 | Elf:3    | Identified the amulet "Vuypt" {Spirit rPois rN+ Dex-2}
 53708 | Elf:3    | Got Sif Muna's Incunabulum of Destructive Calling
 54551 | D:10     | Killed Tang's ghost
 55214 | D:14     | Killed Louise
 55425 | Lair:5   | Killed Qeimiotua's ghost
 55667 | Vaults:1 | Entered Level 1 of the Vaults
 55792 | Vaults:1 | Reached XP level 21. HP: 131/131 MP: 37/39
 55993 | Vaults:1 | Noticed Donald
 55994 | Vaults:1 | Killed Donald
 56438 | Vaults:1 | Killed from afar by a war gargoyle

Illustrated notes

Levels and vault maps discovered:
D:1:      dpeg_arrival_lava_temple_mockup, layout_basic,
          ebering_ecumenical_altar_rust
D:2:      minmay_chambers_of_ones, layout_loops_ring
D:3:      layout_loops_ring, grunt_gozag_statues, ebering_ghost_sewer_f,
          uniq_crazy_yiuf_cottage
D:4:      layout_loops_ring, mainiacjoe_overflow_alcove_4,
          makhleb_blood_cavern_becter, okawaru_gym_becter, kennysheep_donut,
          hex_large
D:5:      layout_basic
D:6:      layout_basic, minmay_temple_entry_tees, nrook_loot_triangle
D:7:      layout_basic, nicolae_overflow_squiral, roderic_roman_lattice,
          uniq_duvessa
D:8:      layout_cave_pods, nicolae_dithmenos_through_a_glass_darkly,
          old_standard_altar, serial_column_ruins, column_ruins_grid_4,
          column_ruins_columns_straight, column_ruins_open_large,
          column_ruins_open_medium, column_ruins_open_tiny,
          column_ruins_open_small, enter_bailey_5, serial_bayou_lagoon_a,
          uniq_maggie
D:9:      layout_irregular_city, minmay_joined_circles
D:10:     nicolae_whirlpool, layout_rooms, mainiacjoe_overflow_boulevard,
          erik_lair_island, ebering_ghost_xom, minmay_shop_enchanted_jewellery
D:11:     cheibrodos_barr_body, layout_basic, uniq_maurice
D:12:     layout_loops_corners, hiddenorc2_lemuel, hangedman_decor_growths,
          minmay_statues_item, uniq_nergalle
D:13:     layout_small_grid, lightli_vaults_fourway_checkpoint, serial_shops,
          kennysheep_mini, st_stairs_5
D:14:     layout_roguey, hangedman_decor_slide_cut, kennysheep_inner_square,
          uniq_snorg, uniq_louise
D:15:     grunt_enter_depths_magical_seal, layout_small_grid,
          nicolae_trove_entry_isolated, minmay_diced_spiral
Temple:   dshaligram_water_room_temple
Lair:1:   layout_concentric_octagons, uniq_sonja
Lair:2:   layout_gridlike, portal_ice_cave_entry_imps, minmay_shattered_shrine
Lair:3:   layout_gridlike, minmay_swamp_entry_reptiles, hangedman_tree_tricks
Lair:4:   layout_misc_corridors, spider_nest_entry_a, st_stairs_3,
          minmay_lindwurm_lava, lemuel_fruit_tree, lemuel_fruit_fields
Lair:5:   layout_small_grid, basic_altar, nzn_ghost_randoct,
          nzn_masters_of_martial_movement, grunt_megastairs_1,
          infiniplex_staircase_pool_2
Lair:6:   minmay_lair_end_enchanted_forest, layout_loops_ring, slime_altar_1,
          st_stairs_10, roderic_batcave, chequers_serial_rivers_small_a,
          serial_bayou_shore_a
Swamp:1:  nicolae_swamp_secret_spriggan_hideout, layout_basic_swamp,
          evilmike_swamp_ruin_rubble_1, cheibrodos_swamp_minitomb
Swamp:2:  nicolae_swamp_standing_stones, layout_falls_marsh, serial_swamp_ruin,
          evilmike_swamp_ruin_house_6, evilmike_swamp_ruin_rubble_2
Swamp:3:  layout_basic_swamp, evilmike_swamp_ruin_house_1, uniq_kirke
Swamp:4:  swamp_icy, layout_basic_swamp, swamp_pool5
Spider:1: layout_spider_delve, nicolae_spider_circle_web, uniq_frances
Spider:2: layout_chambers
Spider:3: nicolae_spider_corner, nicolae_spider_nook, uniq_mara
Spider:4: guppyfry_spider_rune
Orc:1:    layout_caves, ebering_ghost_reflecting_pool, uniq_erica
Orc:2:    st_orc_congregation, layout_caves, basic_altar, mines1_david,
          uniq_saint_roka, uniq_azrael
Elf:1:    minmay_elf_arrival_plus, layout_loops_cross, minmay_elf_demonology,
          minivault_23, hangedman_elf_disciples, uniq_roxanne, uniq_nikola,
          uniq_agnes
Elf:2:    nicolae_elf_blades_crystal_corner, layout_loops_ring, serial_shops,
          shop
Elf:3:    nooodl_elf_gasket, layout_loops_ring
Vaults:1: hangedman_vaults_stagger, ontoclasm_vaults_fault, v_pattern_3,
          vaults_room_door_hall, st_spiral_rooms,
          nicolae_vaults_network_quinsquares
          [nicolae_vaults_network_quincunx_subvault,
          nicolae_vaults_network_quincunx_subvault,
          nicolae_vaults_network_quincunx_subvault,
          nicolae_vaults_network_quincunx_subvault], v_misc_14,
          vaults_room_grid, hangedman_vaults_pinch, v_misc_10,
          nicolae_vaults_rhombus_5, layout_vaults_ring, uniq_donald,
          uniq_asterion

Skill      XL: |  1  2  3  4  5  6  7  8  9 10 11 12 13 14 15 16 17 18 19 20 21 |
---------------+----------------------------------------------------------------+-----
Spellcasting   | 3 5 8 9 10 11 13 14 | 14.8
Conjurations   | 2 3 4 5 6 11 15 16 17 18 20 | 20.1
Earth Magic    | 4 5 7 9 |  9.0
Dodging        | 5 7 9 11 13 | 13.8
Transmutations | 3 |  3.1
Fighting       | 4 6 7 |  7.9
Shields        | 5 7 |  7.1
Ice Magic      | 6 |  6.4
Translocations | 4 |  4.4
Fire Magic     | 7 13 14 17 18 19 | 19.9
Stealth        | |  2.6

Action                   |  1- 3 |  4- 6 |  7- 9 | 10-12 | 13-15 | 16-18 | 19-21 || total
-------------------------+-------+-------+-------+-------+-------+-------+-------++-------
Melee: Unarmed           |     3 |       |       |       |       |       |       ||     3
       Tentacles         |    11 |     9 |    11 |    24 |    52 |     2 |     6 ||   115
       Constrict         |    11 |     6 |     8 |    15 |    57 |     1 |     3 ||   101
       Mace              |    41 |     9 |    36 |    99 |   170 |       |       ||   355
       Punch             |       |     1 |       |     2 |     7 |     1 |       ||    11
       Long sword        |       |    25 |       |       |       |       |       ||    25
       Staff             |       |       |       |       |    42 |    14 |    13 ||    69
Throw: Stone             |       |       |       |     6 |     7 |     2 |       ||    15
 Cast: Sandblast         |    30 |    25 |    21 |    90 |    45 |    44 |     7 ||   262
       Stone Arrow       |       |     5 |    91 |   262 |   315 |    24 |       ||   697
       Corpse Rot        |       |       |       |     2 |       |       |       ||     2
       Frozen Ramparts   |       |       |       |    10 |    83 |     7 |     1 ||   101
       Poisonous Vapours |       |       |       |     3 |     5 |       |       ||     8
       Blink             |       |       |       |       |    11 |     9 |     9 ||    29
       Irradiate         |       |       |       |       |     3 |     2 |       ||     5
       Iron Shot         |       |       |       |       |    82 |   106 |     6 ||   194
       Fireball          |       |       |       |       |    31 |   343 |    23 ||   397
       Spellforged Servi |       |       |       |       |     2 |     1 |       ||     3
       Starburst         |       |       |       |       |       |     1 |       ||     1
       Fire Storm        |       |       |       |       |       |    12 |   176 ||   188
       Lehudib's Crystal |       |       |       |       |       |    11 |     5 ||    16
       Statue Form       |       |       |       |       |       |       |     8 ||     8
Evoke: Wand              |       |     1 |       |    16 |     4 |    13 |     4 ||    38
       Tin of tremorston |       |       |       |       |     2 |       |       ||     2
  Use: Scroll            |     1 |     7 |     1 |    13 |     9 |    10 |     2 ||    43
       Potion            |       |     1 |     1 |     5 |     1 |       |     2 ||    10
 Stab: Sleeping          |     5 |     2 |       |       |       |       |       ||     7
       Distracted        |     1 |       |       |       |       |       |       ||     1
Armor: Skin              |     7 |     3 |     2 |     7 |     8 |     8 |     6 ||    41
Dodge: Dodged            |    38 |    27 |    29 |   147 |   194 |    97 |    29 ||   561
Block: Buckler           |       |       |       |    78 |   198 |    96 |    16 ||   388
       Reflection        |       |       |       |    10 |    12 |    10 |     1 ||    33
       Other             |       |       |       |     3 |       |       |       ||     3
